 Dungeon Crawl Stone Soup version 0.31-a0-174-g85c54bcb58 (webtiles) character file.

Game seed: 5288690361718077815

80777 qw the Warrior (level 15, -5/108 HPs)
             Began as a Gargoyle Hunter on June 15, 2023.
             Was a High Priest of Okawaru.
             Killed by divine providence
             ... invoked by a meliai
              (13 damage)
             ... on level 14 of the Dungeon.
             The game lasted 00:08:47 (16151 turns).

qw the Warrior (Gargoyle Hunter)                   Turns: 16151, Time: 00:08:48

Health: -5/108     AC: 38    Str: 24    XL:     15   Next: 68%
Magic:  21/22      EV: 29    Int:  7    God:    Okawaru [*****.]
Gold:   2337       SH:  5    Dex: 29    Spells: 14/14 levels left

rFire   . . .        e - +3 greatsling "Punk" {acid, rCorr}
rCold   . . .        (no shield)
rNeg    + . .        B - +2 troll leather armour {Snorg}
rPois   inf          x - +1 helmet "Ikhlaili" {rCorr Dex+6}
rElec   +            n - +2 cloak
rCorr   +            r - +1 pair of gloves
SInv    .            f - +1 pair of boots
Will    ++...        j - amulet of reflection
Stlth   ++++         y - ring "Oproom" {*Corrode Will+ Str+9 Dex+6}
HPRegen 1.18/turn    w - +4 ring of protection
MPRegen 0.18/turn

%: corrode self (3%), reflection
@: about to teleport, heroic, flying
A: sickness immunity, AC +11, big wings, negative energy resistance 1,
electricity resistance, torment resistance 1, petrification resistance,
iridescent scales 1, clumsy 1, dopey 2, shaggy fur 1
a: Renounce Religion, Heroism, Finesse, Duel


You were on level 14 of the Dungeon.
You worshipped Okawaru.
Okawaru was extremely pleased with you.
You visited 3 branches of the dungeon, and saw 20 of its levels.
You also visited: Ossuary.

You collected 2777 gold pieces.
You spent 440 gold pieces at shops.


Innate Abilities, Weirdness & Mutations

You are immune to sickness and miasma.
Your stone body is resilient. (AC +11)
You are immune to poison.
Your large and strong wings let you fly.
You resist negative energy. (rN+)
You are resistant to electric shocks. (rElec)
You are resistant to unholy torment.
You are immune to petrification.
You are partially covered in iridescent scales. (AC +2)
You are clumsy. (Dex -2)
You are very dopey. (Int -4)
You are covered in fur. (AC +1)


   Skills:
 - Level 17.6(22.6) Fighting
 - Level 14.0(19.0) Ranged Weapons
 - Level 10.0(15.0) Armour
 + Level 11.1(16.1) Dodging
 - Level 1.1(6.1) Stealth
 - Level 10.0 Invocations


You had 14 spell levels left.
You didn't know any spells.
Your spell library was empty.

Inventory:

Hand Weapons
 e - the +3 greatsling "Punk" (weapon) {acid, rCorr}
   (You took it off Jessica on level 2 of the Dungeon)

   rCorr:     It protects you from acid and corrosion.
 m - the +5 longbow of Okawaru, Hammering {heavy, rElec rF- Int+5 Stlth+}
   (Okawaru gifted it to you on level 5 of the Lair of Beasts)

   Int:       It affects your intelligence (+5).
   rF:        It makes you vulnerable to fire.
   rElec:     It insulates you from electricity.
   Stlth:     It makes you more stealthy.
 v - a +2 longbow of freezing
Armour
 f - a +1 pair of boots (worn)
 n - a +2 cloak (worn)
 r - a +1 pair of gloves (worn)
 x - the +1 helmet "Ikhlaili" (worn) {rCorr Dex+6}
   (You found it on level 2 of the Lair of Beasts)

   Dex:       It affects your dexterity (+6).
   rCorr:     It protects you from acid and corrosion.
 B - a +2 troll leather armour (worn) {Snorg}
 C - the +5 pair of boots of Huan {Harm Drain Str+2 SInv}
   (Okawaru gifted it to you on level 13 of the Dungeon)

   Str:       It affects your strength (+2).
   SInv:      It lets you see invisible.
   Drain:     It drains your maximum health when unequipped.
   Harm:      It increases damage dealt and taken.
Jewellery
 j - an amulet of reflection (around neck)
 t - a ring of fire
 u - a ring of resist corrosion
 w - a +4 ring of protection (right hand)
 y - the ring "Oproom" (left hand) {*Corrode Will+ Str+9 Dex+6}
   (You took it off a centaur warrior on level 13 of the Dungeon)

   [ring of dexterity]

   Str:       It affects your strength (+9).
   Dex:       It affects your dexterity (+6).
   *Corrode:  It may corrode you when you take damage.
   Will:      It increases your willpower.
 Y - a ring of protection from cold
Scrolls
 d - 6 scrolls of teleportation
 i - 8 scrolls of identify
 s - a scroll of brand weapon
 z - 3 scrolls of enchant weapon
Potions
 a - 2 potions of magic
 b - a potion of attraction
 c - 3 potions of might
 g - 2 potions of haste
 k - 4 potions of curing
 l - 3 potions of heal wounds
 o - 2 potions of lignification
 p - a potion of resistance
 q - a potion of cancellation
 D - a potion of mutation

Dungeon Overview and Level Annotations

Branches:
Dungeon (14/15)            Temple (1/1) D:4            Lair (5/5) D:9
 Shoals (0/4) Lair:3       Spider (0/4) Lair:3        Slime (0/5) Lair:4
    Orc (0/2) D:9          Vaults (0/5) D:13        Ossuary (visited)

Altars:
Ashenzari
Cheibriados
Dithmenos
Elyvilon
Fedhas
Gozag
Hepliaklqana
Kikubaaqudgha
Makhleb
Nemelex Xobeh
Okawaru
Qazlal
Ru
Sif Muna
Trog
Uskayaw
Vehumet
Wu Jian
Xom
Yredelemnul
Zin
The Shining One
Jiyva
Lugonu

Shops:
D:1 =[[?   D:4 *[   D:9 (   D:12 *

Portals:
Abyss: Lair:5
Ice
Cave: D:11

Annotations:
D:5 exclusion: gnoll sergeant
D:6 1 runed translucent door, Crazy Yiuf
D:11 3 runed translucent doors, qw's ghost, journeyman NaHu


Message History

The meliai calls down the wrath of its god upon you.
Something smites you!
The meliai calls down the wrath of its god upon you.
Something smites you!
A meliai comes into view. It is wielding a +0 war axe.
You shoot a sling bullet. The sling bullet hits the meliai!
The meliai is splashed with acid.
The meliai is almost dead.
You shoot a sling bullet. The sling bullet misses the meliai.
You shoot a sling bullet.
The sling bullet barely misses the meliai.
The meliai invokes the aid of its god against you.
Something smites you!
You shoot a sling bullet.
The sling bullet barely misses the meliai.
The sling bullet completely misses the meliai.
The meliai invokes the aid of its god against you.
Something smites you!
The meliai mumbles some strange prayers to its god against you.
Something smites you!
You shoot a sling bullet.
The sling bullet closely misses the meliai.
The sling bullet hits the meliai.
The meliai is splashed with acid.
The acid corrodes the meliai!
The meliai is moderately wounded.
The meliai mumbles some strange prayers to its god against you.
Something smites you!
The meliai calls down the wrath of its god upon you.
Something smites you!
The meliai calls down the wrath of its god upon you.
Something smites you!
The meliai calls upon its god to heal the meliai.
The meliai's wounds heal themselves!
16151 ||| READING 7 scrolls of teleportation.
As you read the scroll of teleportation, it crumbles to dust.
You feel strangely unstable. The meliai hits you with a +0 hand axe.
The meliai barely misses you.
The meliai invokes the aid of its god against you.
Something smites you!
You die...

..........## #..#
...........###..###
.........#........
.........#.......
...........###..#
...!......## #..#
.........## ##..##
#####..#.####....##
#.....##..##@y##
#...........y.......
................y......
.......................
####...#########..#####
#... ..# #... ..# #...
..# #..


You could see 3 meliai.

Vanquished Creatures
  A tengu reaver (D:13)
  Frances (D:13)
  Kirke (D:13)
  Snorg (D:11)
  7 hydras
  A catoblepas (D:13)
  3 boulder beetles (D:13)
  A death knight (D:13)
  12 centaur warriors
  A death yak (Lair:5)
  4 two-headed ogres
  3 tengu warriors (D:13)
  3 thrashing horrors (Lair:5)
  Urug (D:13)
  A skyshark (Lair:3)
  Lodul (D:13)
  An orb spider (Lair:3)
  A lindwurm (Lair:4)
  A swamp dragon (shapeshifter) (D:13)
  3 deep elf pyromancers (D:13)
  A wolf spider (D:13)
  8 ugly things
  5 cyclopes
  2 manticores
  9 elephants
  3 black mambas
  Joseph (D:10)
  14 cane toads
  2 gargoyles
  Maggie (Lair:2)
  4 torpor snails
  2 efreet (D:13)
  6 kobold demonologists (D:13)
  7 komodo dragons
  2 ancient zymes (Lair:5)
  2 ice devils (D:11)
  5 trolls
  3 hornets
  A wind drake (Lair:3)
  A polar bear (shapeshifter) (D:13)
  A polar bear (Lair:2)
  Grinder (D:4)
  30 blink frogs
  4 dream sheep (Lair:5)
  Sigmund (D:6)
  2 shadows
  9 wraiths
  A ynoxinul (Lair:5)
  2 spriggans (Lair:5)
  5 basilisks
  9 wyverns
  33 yaks
  10 slime creatures
  2 vampires
  3 hogs (D:13)
  19 humans (D:13)
  4 chaos spawn (Lair:5)
  10 small abominations (Lair:5)
  9 vampire mosquitoes
  Menkaure (D:5)
  A swamp worm (shapeshifter) (D:13)
  A large abomination (Lair:5)
  3 orc warriors
  9 water moccasins
  4 black bears
  11 wolves
  6 centaurs
  A phantom (D:7)
  8 kobold brigands
  7 bullfrogs
  6 gnoll sergeants
  4 scorpions
  14 killer bees
  5 howler monkeys
  An electric eel (D:6)
  2 hounds (D:5)
  2 gnoll boudas (D:5)
  A jelly (D:6)
  3 orc priests
  Jessica (D:2)
  6 iguanas
  10 orc wizards
  Ijyb (D:4)
  Natasha (thrice) (D:4)
  26 gnolls
  7 adders
  2 white imps
  2 worms
  A worm (shapeshifter) (Lair:5)
  A dart slug (D:1)
  35 orcs
  5 endoplasms
  4 giant cockroaches
  13 goblins
  10 hobgoblins
  12 jackals
  26 kobolds
  7 quokkas
  6 ball pythons
  11 bats
  4 frilled lizards
  8 hobgoblin zombies (Ossuary)
  5 kobold zombies (Ossuary)
  7 orc zombies (Ossuary)
  11 rats
596 creatures vanquished.

Vanquished Creatures (others)
  A floating eye (shapeshifter) (D:13)
1 creature vanquished.

Grand Total: 597 creatures vanquished

Notes
Turn   | Place    | Note
-------+----------+-------------------------------------------
     0 | D:1      | qw the Gargoyle Hunter began the quest for the Orb.
     0 | D:1      | Reached XP level 1. HP: 12/12 MP: 1/1
     0 | D:1      | 0 ||| qw: Version: 0.2-a-29-g511e9b1
     0 | D:1      | 0 ||| qw: Game counter: 5394
     0 | D:1      | 0 ||| qw: Always use a shield: true
     0 | D:1      | 0 ||| qw: God list: Okawaru
     0 | D:1      | 0 ||| qw: Allow faded altars: false
     0 | D:1      | 0 ||| qw: Do Orc after D:15 true
     0 | D:1      | 0 ||| qw: Do second Lair branch before Depths: true
     0 | D:1      | 0 ||| qw: Lair rune preference: random
     0 | D:1      | 0 ||| qw: Plans: Normal, Zot:1-4, Slime:5, God:TSO, Crypt,
                  | Tomb, Abyss, Pan, Hells, Win
     0 | D:1      | 0 ||| PLANNING D:1-11
    21 | D:1      | Found Buzifer's Armour Shop.
    89 | D:1      | 89 ||| SHOPLISTING +1 ring mail of willpower (176 gold,
                  | have 0).
   108 | D:1      | Reached XP level 2. HP: 17/17 MP: 2/2
   168 | D:1      | Found Fomu's Armour Shoppe.
   182 | D:1      | 182 ||| SHOPLISTING +0 helmet (45 gold, have 0).
   182 | D:1      | 182 ||| SHOPLISTING +0 pair of gloves (45 gold, have 0).
   182 | D:1      | 182 ||| SHOPLISTING +0 ring mail (40 gold, have 0).
   182 | D:1      | 182 ||| SHOPLISTING +2 cloak (165 gold, have 0).
   392 | D:1      | Found Xyuh's Jewellery Boutique.
   397 | D:1      | 397 ||| SHOPLISTING amulet of faith (520 gold, have 3).
   397 | D:1      | 397 ||| SHOPLISTING ring "Ziwecox" {rCorr Str+2 Int+3
                  | Dex-4} (378 gold, have 3).
   397 | D:1      | 397 ||| SHOPLISTING ring of fire (325 gold, have 3).
   397 | D:1      | 397 ||| SHOPLISTING ring of positive energy (260 gold, have
                  | 3).
   397 | D:1      | 397 ||| SHOPLISTING ring of resist corrosion (260 gold,
                  | have 3).
   397 | D:1      | 397 ||| SHOPLISTING ring of see invisible (195 gold, have
                  | 3).
   397 | D:1      | 397 ||| SHOPLISTING ring of willpower (325 gold, have 3).
   465 | D:1      | Reached XP level 3. HP: 21/21 MP: 3/3
   479 | D:1      | Found Iselludi's Magic Scroll Shop.
   488 | D:1      | 488 ||| SHOPLISTING scroll of identify (22 gold, have 3).
   488 | D:1      | 488 ||| SHOPLISTING scroll of teleportation (33 gold, have
                  | 3).
   800 | D:1      | 800 ||| DROPPING ring of magical power.
   801 | D:1      | 801 ||| READING 2 scrolls labelled FUUKIU UDWA.
   802 | D:1      | 802 ||| READING scroll labelled CILOVO ASTRO.
   803 | D:1      | 803 ||| READING scroll labelled LIZYZIHOUM.
   804 | D:1      | 804 ||| READING scroll labelled UCUCZY HATOWN.
   805 | D:1      | 805 ||| READING scroll labelled YNEOTA YBISM.
   809 | D:1      | 809 ||| DROPPING scroll of fog.
   810 | D:1      | 810 ||| DROPPING scroll of butterflies.
   859 | D:2      | Noticed Jessica
   870 | D:2      | Killed Jessica
   871 | D:2      | Reached skill level 3 in Fighting
   871 | D:2      | Reached XP level 4. HP: 11/28 MP: 4/4
   944 | D:2      | 944 ||| UPGRADING to +3 greatsling "Punk" {acid, rCorr}.
  1000 | D:2      | Found a faded altar of an unknown god.
  1337 | D:2      | 1337 ||| UPGRADING to +0 helmet.
  1342 | D:2      | 1342 ||| DROPPING amulet of magic regeneration.
  1343 | D:2      | 1343 ||| READING 5 scrolls labelled ISUJ GUUKK.
  1344 | D:2      | 1344 ||| READING scroll labelled YWNILUEDWEESCH.
  1345 | D:2      | 1345 ||| READING 4 scrolls of identify.
  1345 | D:2      | 1345 ||| IDENTIFYING brown potion
  1346 | D:2      | 1346 ||| READING 3 scrolls of identify.
  1346 | D:2      | 1346 ||| IDENTIFYING black potion
  1347 | D:2      | 1347 ||| READING 2 scrolls of identify.
  1347 | D:2      | 1347 ||| IDENTIFYING fuming golden potion
  1348 | D:2      | 1348 ||| DROPPING potion of enlightenment.
  1349 | D:2      | 1349 ||| DROPPING potion of brilliance.
  1350 | D:2      | 1350 ||| DROPPING potion of degeneration.
  1525 | D:3      | You fall into a shaft and drop 1 floor!
  1531 | D:4      | Found a sand-covered staircase.
  1532 | D:4      | 1532 ||| PLANNING OSSUARY
  1532 | D:4      | 1532 ||| READING 2 scrolls of identify.
  1532 | D:4      | 1532 ||| IDENTIFYING lumpy green potion
  1538 | Ossuary  | Entered an ossuary
  1562 | Ossuary  | Reached XP level 5. HP: 32/32 MP: 5/5
  1652 | D:4      | 1652 ||| PLANNING D:1-11
  1661 | D:4      | Noticed Natasha
  1662 | D:4      | Killed Natasha
  1663 | D:4      | Noticed Natasha
  1666 | D:4      | Killed Natasha
  1667 | D:4      | Reached skill level 6 in Ranged Weapons
  1682 | D:4      | Noticed Natasha
  1686 | D:4      | Killed Natasha
  1687 | D:4      | Reached skill level 1 in Armour
  1755 | D:4      | Reached skill level 4 in Fighting
  1755 | D:4      | Reached XP level 6. HP: 25/38 MP: 6/6
  1807 | D:4      | Found a staircase to the Ecumenical Temple.
  1808 | D:4      | 1808 ||| PLANNING TEMPLE
  1813 | Temple   | Entered the Ecumenical Temple
  1949 | Temple   | 1949 ||| PLANNING D:1-11
  1968 | D:4      | Found Lualed's Antique Armour Boutique.
  1977 | D:4      | 1977 ||| SHOPLISTING cloak (130 gold, have 106).
  1977 | D:4      | 1977 ||| SHOPLISTING ring mail (116 gold, have 106).
  1977 | D:4      | 1977 ||| SHOPLISTING runed ring mail (203 gold, have 106).
  1977 | D:4      | 1977 ||| SHOPLISTING shiny ring mail (203 gold, have 106).
  1995 | D:4      | Noticed Ijyb
  1997 | D:4      | Killed Ijyb
  2001 | D:4      | Noticed Grinder
  2009 | D:4      | Paralysed by Grinder for 2 turns
  2015 | D:4      | Paralysed by Grinder for 4 turns
  2019 | D:4      | Killed Grinder
  2020 | D:4      | Reached XP level 7. HP: 32/43 MP: 7/7
  2068 | D:4      | Found a radiant altar of Vehumet.
  2142 | D:3      | Found an ancient bone altar of Kikubaaqudgha.
  2743 | D:3      | 2743 ||| READING scroll labelled JEORCHU HACOIHE.
  2982 | D:4      | Found Niun's Fire Supplies.
  2990 | D:4      | 2990 ||| SHOPLISTING +1 ring mail of fire resistance (208
                  | gold, have 133).
  2990 | D:4      | 2990 ||| SHOPLISTING +2 helmet of fire resistance (279
                  | gold, have 133).
  2990 | D:4      | 2990 ||| SHOPLISTING +2 robe of fire resistance (230 gold,
                  | have 133).
  2990 | D:4      | 2990 ||| SHOPLISTING ring of protection from fire (325
                  | gold, have 133).
  3000 | D:4      | 3000 ||| UPGRADING to +0 ring mail.
  3010 | D:4      | 3010 ||| DROPPING +0 leather armour.
  3011 | D:4      | 3011 ||| UPGRADING to ring of protection from cold.
  3012 | D:4      | 3012 ||| DRINKING 2 fuming pink potions.
  3020 | D:5      | Entered Level 5 of the Dungeon
  3021 | D:5      | 3021 ||| STAIRDANCE
  3136 | D:5      | 3136 ||| STAIRDANCE
  3170 | D:5      | 3170 ||| STAIRDANCE
  3225 | D:5      | 3225 ||| STAIRDANCE
  3258 | D:5      | Reached skill level 5 in Fighting
  3337 | D:5      | Reached XP level 8. HP: 49/49 MP: 8/8
  3346 | D:5      | Noticed Menkaure
  3351 | D:5      | Killed Menkaure
  3352 | D:5      | Reached skill level 9 in Ranged Weapons
  3474 | D:5      | Found an iron altar of Okawaru.
  3475 | D:5      | 3475 ||| PLANNING OKAWARU WORSHIP
  3475 | D:5      | 3475 ||| UPGRADING to +0 pair of boots.
  3480 | D:5      | 3480 ||| READING scroll labelled BAJUIPO MEIFF.
  3481 | D:5      | 3481 ||| READING scroll labelled ZADEWI OTIKO.
  3482 | D:5      | 3482 ||| DRINKING 2 pink potions.
  3485 | D:5      | Found a hide-covered altar of Uskayaw.
  3490 | D:5      | Became a worshipper of Warmaster Okawaru
  3491 | D:5      | 3491 ||| PLANNING D:1-11
  3493 | D:5      | Found a sparkling altar of Nemelex Xobeh.
  3493 | D:5      | Found a snail-covered altar of Cheibriados.
  3496 | D:5      | Found an opulent altar of Gozag.
  3606 | D:5      | Reached skill level 6 in Fighting
  3622 | D:5      | 3622 ||| FLEEEEING.
  3623 | D:5      | 3623 ||| FLEEEEING.
  3624 | D:5      | 3624 ||| FLEEEEING.
  3805 | D:5      | Found a blossoming altar of Fedhas.
  4069 | D:5      | 4069 ||| Stepping ~*~*~tactically~*~*~ (outnumbered).
  4083 | D:5      | 4083 ||| UPGRADING to +2 cloak.
  4088 | D:5      | 4088 ||| UPGRADING to +0 pair of gloves.
  4299 | D:5      | 4299 ||| READING 3 scrolls labelled OCKAW FOUNAST.
  4300 | D:5      | 4300 ||| READING scroll labelled DISMOAR SERGH.
  4358 | D:5      | Reached skill level 3 in Armour
  4362 | D:5      | Reached XP level 9. HP: 55/55 MP: 9/9
  4372 | D:5      | 4372 ||| READING 3 scrolls of identify.
  4372 | D:5      | 4372 ||| IDENTIFYING orange potion
  4373 | D:5      | 4373 ||| READING 2 scrolls of identify.
  4373 | D:5      | 4373 ||| IDENTIFYING grey potion
  4374 | D:5      | 4374 ||| DROPPING 2 scrolls of blinking.
  4450 | D:6      | Reached * piety under Okawaru
  4459 | D:6      | Reached skill level 1 in Invocations
  4469 | D:6      | 4469 ||| INVOKING Heroism.
  4511 | D:6      | 4511 ||| INVOKING Heroism.
  4535 | D:6      | 4535 ||| INVOKING Heroism.
  4541 | D:6      | Reached skill level 7 in Fighting
  4612 | D:6      | Found a runed translucent door.
  4613 | D:6      | Noticed Crazy Yiuf
  4839 | D:6      | Found a glowing golden altar of the Shining One.
  4994 | D:6      | Noticed Sigmund
  4997 | D:6      | Killed Sigmund
  5123 | D:6      | 5123 ||| READING 2 scrolls of identify.
  5123 | D:6      | 5123 ||| IDENTIFYING coppery potion
  5191 | D:7      | Reached skill level 3 in Invocations
  5349 | D:7      | 5349 ||| INVOKING Heroism.
  5401 | D:7      | 5401 ||| INVOKING Heroism.
  5565 | D:7      | Found a shimmering altar of Xom.
  5733 | D:7      | 5733 ||| DROPPING +0 shortbow.
  5805 | D:7      | 5805 ||| READING 2 scrolls of identify.
  5805 | D:7      | 5805 ||| IDENTIFYING bubbling clear potion
  5867 | D:8      | Reached skill level 3 in Dodging
  5924 | D:8      | Reached XP level 10. HP: 52/63 MP: 13/13
  6229 | D:8      | Reached ** piety under Okawaru
  6231 | D:8      | Reached skill level 8 in Fighting
  6808 | D:8      | 6808 ||| DROPPING ring of wizardry.
  6809 | D:8      | 6809 ||| READING 2 scrolls labelled GAPTERCHUOLE.
  6862 | D:9      | Noticed an elephant
  6866 | D:9      | Reached skill level 12 in Ranged Weapons
  6867 | D:9      | 6867 ||| INVOKING Heroism.
  6872 | D:9      | 6872 ||| Stepping ~*~*~tactically~*~*~ (outnumbered).
  6880 | D:9      | Killed an elephant
  6880 | D:9      | Reached *** piety under Okawaru
  6888 | D:9      | Found a staircase to the Lair.
  6897 | D:9      | Found a flagged portal.
  7050 | D:9      | 7050 ||| INVOKING Heroism.
  7149 | D:9      | Found a staircase to the Orcish Mines.
  7176 | D:9      | 7176 ||| Stepping ~*~*~tactically~*~*~ (outnumbered).
  7178 | D:9      | 7178 ||| Stepping ~*~*~tactically~*~*~ (outnumbered).
  7179 | D:9      | 7179 ||| Stepping ~*~*~tactically~*~*~ (outnumbered).
  7180 | D:9      | 7180 ||| Stepping ~*~*~tactically~*~*~ (outnumbered).
  7235 | D:9      | Found a white marble altar of Elyvilon.
  7362 | D:9      | Reached **** piety under Okawaru
  7670 | D:9      | Found Eprumaov's Hydra Hut.
  7671 | D:9      | Noticed a seven-headed hydra
  7675 | D:9      | 7675 ||| BUYING +2 longbow of freezing (355 gold).
  7675 | D:9      | Bought a +2 longbow of freezing for 355 gold pieces
  7675 | D:9      | 7675 ||| DROPPING +0 orcbow.
  7715 | D:9      | 7715 ||| PLANNING LAIR
  7752 | Lair:1   | Entered Level 1 of the Lair of Beasts
  7756 | Lair:1   | 7756 ||| STAIRDANCE
  7760 | D:9      | 7760 ||| INVOKING Heroism.
  7764 | D:9      | Reached XP level 11. HP: 42/69 MP: 11/14
  7978 | Lair:1   | 7978 ||| INVOKING Heroism.
  7982 | Lair:1   | Reached skill level 9 in Fighting
  7989 | Lair:1   | Reached skill level 6 in Invocations
  8052 | Lair:1   | 8052 ||| INVOKING Heroism.
  8648 | Lair:1   | 8648 ||| READING scroll labelled BOERYX QUNENG.
  8649 | Lair:1   | 8649 ||| READING 2 scrolls of identify.
  8649 | Lair:1   | 8649 ||| IDENTIFYING emerald potion
  8694 | Lair:2   | 8694 ||| INVOKING Heroism.
  8799 | Lair:2   | 8799 ||| INVOKING Heroism.
  8887 | Lair:2   | 8887 ||| INVOKING Heroism.
  8958 | Lair:2   | 8958 ||| INVOKING Heroism.
  8994 | Lair:2   | 8994 ||| INVOKING Heroism.
  9028 | Lair:2   | Identified the +1 helmet "Ikhlaili" {rCorr Dex+6}
  9050 | Lair:2   | Noticed Maggie
  9056 | Lair:2   | Killed Maggie
  9162 | Lair:2   | 9162 ||| INVOKING Heroism.
  9206 | Lair:2   | Noticed an eight-headed hydra
  9208 | Lair:2   | 9208 ||| INVOKING Heroism.
  9212 | Lair:2   | Killed an eight-headed hydra
  9213 | Lair:2   | Reached XP level 12. HP: 57/76 MP: 15/18
  9283 | Lair:2   | Found a white marble altar of Elyvilon.
  9295 | Lair:2   | Reached skill level 9 in Invocations
  9609 | Lair:2   | 9609 ||| UPGRADING to +1 helmet "Ikhlaili" {rCorr Dex+6}.
  9619 | Lair:2   | 9619 ||| DROPPING +0 helmet.
  9620 | Lair:2   | 9620 ||| UPGRADING to +0 steam dragon scales.
  9630 | Lair:2   | 9630 ||| DROPPING +0 ring mail.
  9631 | Lair:2   | 9631 ||| DRINKING 2 glowing blue potions.
  9631 | Lair:2   | Gained mutation: You are partially covered in iridescent
                  | scales. (AC +2) [potion of mutation]
  9631 | Lair:2   | Gained mutation: You sometimes lose your temper in combat.
                  | [potion of mutation]
  9631 | Lair:2   | Gained mutation: You have sharp toenails. [potion of
                  | mutation]
  9632 | Lair:2   | 9632 ||| DRINKING potion of mutation.
  9632 | Lair:2   | Lost mutation: You are partially covered in iridescent
                  | scales. (AC +2) [potion of mutation]
  9632 | Lair:2   | Lost mutation: You have sharp toenails. [potion of
                  | mutation]
  9632 | Lair:2   | Gained mutation: You occasionally lose the ability to read
                  | scrolls when taking damage. [potion of mutation]
  9632 | Lair:2   | Gained mutation: You are robust. (+10% HP) [potion of
                  | mutation]
  9632 | Lair:2   | Gained mutation: Your natural rate of healing is unusually
                  | fast. [potion of mutation]
  9656 | Lair:3   | 9656 ||| INVOKING Heroism.
  9710 | Lair:3   | Found a hole to the Spider Nest.
  9798 | Lair:3   | 9798 ||| INVOKING Heroism.
  9835 | Lair:3   | Found a staircase to the Shoals.
  9837 | Lair:3   | 9837 ||| Stepping ~*~*~tactically~*~*~ (outnumbered).
  9847 | Lair:3   | 9847 ||| INVOKING Heroism.
  9949 | Lair:3   | Reached ***** piety under Okawaru
  9950 | Lair:3   | Reached skill level 6 in Dodging
  9983 | Lair:3   | 9983 ||| FLEEEEING.
  9984 | Lair:3   | 9984 ||| FLEEEEING.
 10012 | Lair:3   | Reached skill level 10 in Fighting
 10033 | Lair:3   | Noticed a skyshark
 10042 | Lair:3   | Killed a skyshark
 10042 | Lair:3   | Received a gift from Okawaru
 10043 | Lair:3   | Reached skill level 6 in Armour
 10100 | Lair:3   | 10100 ||| READING scroll of enchant armour.
 10100 | Lair:3   | 10100 ||| ENCHANTING +0 steam dragon scales.
 10412 | Lair:3   | 10412 ||| UPGRADING to +1 pair of boots.
 10422 | Lair:3   | 10422 ||| DROPPING +0 pair of boots.
 10423 | Lair:3   | 10423 ||| UPGRADING to amulet of reflection.
 10428 | Lair:3   | 10428 ||| READING 2 scrolls of identify.
 10428 | Lair:3   | 10428 ||| IDENTIFYING sapphire potion
 10595 | Lair:4   | Found a staircase to the Slime Pits.
 10595 | Lair:4   | Found a viscous altar of Jiyva.
 10600 | Lair:4   | 10600 ||| INVOKING Heroism.
 10664 | Lair:4   | 10664 ||| INVOKING Heroism.
 10713 | Lair:4   | 10713 ||| INVOKING Heroism.
 10758 | Lair:4   | 10758 ||| INVOKING Heroism.
 10776 | Lair:4   | Reached XP level 13. HP: 89/92 MP: 20/20
 10779 | Lair:4   | Reached skill level 11 in Fighting
 10826 | Lair:4   | 10826 ||| INVOKING Heroism.
 10853 | Lair:4   | Found a snail-covered altar of Cheibriados.
 11036 | Lair:4   | 11036 ||| INVOKING Heroism.
 11249 | Lair:4   | 11249 ||| READING 2 scrolls of identify.
 11249 | Lair:4   | 11249 ||| IDENTIFYING puce potion
 11250 | Lair:4   | 11250 ||| DROPPING potion of ambrosia.
 11271 | Lair:5   | Entered Level 5 of the Lair of Beasts
 11272 | Lair:5   | 11272 ||| INVOKING Heroism.
 11288 | Lair:5   | Reached skill level 12 in Fighting
 11309 | Lair:5   | 11309 ||| INVOKING Heroism.
 11328 | Lair:5   | HP: 18/94 [five-headed hydra (7)]
 11329 | Lair:5   | 11329 ||| READING 7 scrolls of teleportation.
 11330 | Lair:5   | 11330 ||| DRINKING 3 potions of heal wounds.
 11408 | Lair:5   | 11408 ||| INVOKING Heroism.
 11479 | Lair:5   | 11479 ||| INVOKING Heroism.
 11482 | Lair:5   | Received a gift from Okawaru
 11501 | Lair:5   | Reached skill level 13 in Fighting
 11532 | Lair:5   | 11532 ||| DROPPING +4 hand crossbow of freezing.
 11685 | Lair:5   | 11685 ||| INVOKING Heroism.
 11716 | Lair:5   | Reached skill level 9 in Dodging
 11730 | Lair:5   | Found a corrupted altar of Lugonu.
 11730 | Lair:5   | Found a one-way gate to the infinite horrors of the Abyss.
 11857 | Lair:5   | 11857 ||| INVOKING Heroism.
 11860 | Lair:5   | 11860 ||| INVOKING Finesse.
 11872 | Lair:5   | Identified the +5 longbow of Okawaru, Hammering {heavy,
                  | rElec rF- Int+5 Stlth+} (Okawaru gifted it to you on level
                  | 5 of the Lair of Beasts)
 11872 | Lair:5   | Received a gift from Okawaru
 11873 | Lair:5   | Gained mutation: Your large and strong wings let you fly.
                  | [Gargoyle growth]
 11873 | Lair:5   | Reached XP level 14. HP: 103/103 MP: 14/21
 12293 | Lair:5   | 12293 ||| INVOKING Heroism.
 12304 | Lair:5   | Reached skill level 14 in Fighting
 12330 | Lair:5   | Identified the +1 robe of Kukkutuf {rN+}
 12410 | Lair:5   | 12410 ||| PLANNING D:1-11
 12410 | Lair:5   | 12410 ||| DROPPING +1 robe of Kukkutuf {rN+}.
 12411 | Lair:5   | 12411 ||| UPGRADING to +4 ring of protection.
 12507 | D:10     | Entered Level 10 of the Dungeon
 12801 | D:10     | Noticed Joseph
 12811 | D:10     | Killed Joseph
 13282 | D:11     | Noticed qw's ghost (journeyman NaHu)
 13414 | D:11     | Reached skill level 9 in Armour
 13431 | D:11     | Found an iron altar of Okawaru.
 13457 | D:11     | Found a runed translucent gate.
 13457 | D:11     | Found a runed translucent gate.
 13479 | D:11     | 13479 ||| Stepping ~*~*~tactically~*~*~ (outnumbered).
 13483 | D:11     | 13483 ||| Stepping ~*~*~tactically~*~*~ (outnumbered).
 13489 | D:11     | 13489 ||| Stepping ~*~*~tactically~*~*~ (outnumbered).
 13511 | D:11     | Noticed Snorg
 13512 | D:11     | 13512 ||| INVOKING Heroism.
 13513 | D:11     | 13513 ||| INVOKING Finesse.
 13520 | D:11     | Killed Snorg
 13589 | D:11     | Found a frozen archway.
 13782 | D:11     | Found a runed translucent gate.
 13904 | D:11     | 13904 ||| UPGRADING to +2 troll leather armour {Snorg}.
 13914 | D:11     | 13914 ||| PLANNING D
 13914 | D:11     | 13914 ||| DROPPING +1 steam dragon scales.
 13915 | D:11     | 13915 ||| READING 4 scrolls of identify.
 13915 | D:11     | 13915 ||| IDENTIFYING red potion
 13916 | D:11     | 13916 ||| DROPPING potion of invisibility.
 14211 | D:12     | Found Axkyezecra's General Store.
 14217 | D:12     | 14217 ||| BUYING potion of heal wounds (85 gold).
 14217 | D:12     | Bought a potion of heal wounds for 85 gold pieces
 14582 | D:13     | Noticed Lodul
 14582 | D:13     | Noticed Urug
 14582 | D:13     | Found a gate to the Vaults.
 14583 | D:13     | 14583 ||| INVOKING Heroism.
 14584 | D:13     | 14584 ||| INVOKING Finesse.
 14596 | D:13     | Reached skill level 15 in Fighting
 14601 | D:13     | Killed Lodul
 14608 | D:13     | Received a gift from Okawaru
 14655 | D:13     | 14655 ||| INVOKING Finesse.
 14674 | D:13     | Killed Urug
 14728 | D:13     | 14728 ||| READING scroll of enchant armour.
 14728 | D:13     | 14728 ||| ENCHANTING +0 pair of gloves.
 14766 | D:13     | 14766 ||| Stepping ~*~*~tactically~*~*~ (outnumbered).
 14791 | D:13     | 14791 ||| Stepping ~*~*~tactically~*~*~ (outnumbered).
 14796 | D:13     | 14796 ||| INVOKING Heroism.
 14805 | D:13     | 14805 ||| Stepping ~*~*~tactically~*~*~ (outnumbered).
 14805 | D:13     | Identified the +3 halberd "Zafyocsecudgh" {freeze, rPois
                  | Will- rCorr Int+3}
 14807 | D:13     | 14807 ||| Stepping ~*~*~tactically~*~*~ (outnumbered).
 14815 | D:13     | 14815 ||| Stepping ~*~*~tactically~*~*~ (outnumbered).
 14841 | D:13     | Reached skill level 16 in Fighting
 14851 | D:13     | Received a gift from Okawaru
 14856 | D:13     | 14856 ||| INVOKING Heroism.
 14862 | D:13     | HP: 23/110 [something (11)]
 14863 | D:13     | 14863 ||| READING 7 scrolls of teleportation.
 14864 | D:13     | 14864 ||| DRINKING 5 potions of heal wounds.
 14864 | D:13     | Paralysed by a floating eye for 2 turns
 14887 | D:13     | 14887 ||| FLEEEEING.
 14888 | D:13     | 14888 ||| FLEEEEING.
 14889 | D:13     | 14889 ||| FLEEEEING.
 14934 | D:13     | Noticed Kirke
 14935 | D:13     | 14935 ||| INVOKING Heroism.
 14936 | D:13     | 14936 ||| INVOKING Finesse.
 14954 | D:13     | Killed Kirke
 14955 | D:13     | Reached XP level 15. HP: 115/115 MP: 15/22
 15051 | D:13     | Found a snail-covered altar of Cheibriados.
 15133 | D:13     | Noticed Frances
 15134 | D:13     | 15134 ||| INVOKING Heroism.
 15135 | D:13     | 15135 ||| INVOKING Finesse.
 15145 | D:13     | Killed Frances
 15191 | D:13     | 15191 ||| DRINKING 2 potions of mutation.
 15191 | D:13     | Lost mutation: You are robust. (+10% HP) [potion of
                  | mutation]
 15191 | D:13     | Lost mutation: You occasionally lose the ability to read
                  | scrolls when taking damage. [potion of mutation]
 15191 | D:13     | Lost mutation: Your natural rate of healing is unusually
                  | fast. [potion of mutation]
 15191 | D:13     | Gained mutation: You occasionally lose the ability to read
                  | scrolls when taking damage. [potion of mutation]
 15191 | D:13     | Gained mutation: You are clumsy. (Dex -2) [potion of
                  | mutation]
 15192 | D:13     | 15192 ||| DRINKING potion of mutation.
 15192 | D:13     | Lost mutation: You occasionally lose the ability to read
                  | scrolls when taking damage. [potion of mutation]
 15192 | D:13     | Lost mutation: You sometimes lose your temper in combat.
                  | [potion of mutation]
 15192 | D:13     | Gained mutation: You are dopey. (Int -2) [potion of
                  | mutation]
 15192 | D:13     | Gained mutation: You are very dopey. (Int -4) [potion of
                  | mutation]
 15192 | D:13     | Gained mutation: You are covered in fur. (AC +1) [potion of
                  | mutation]
 15192 | D:13     | Gained mutation: You are partially covered in iridescent
                  | scales. (AC +2) [potion of mutation]
 15419 | D:13     | Identified the staff of poison "Isampax" {rPois rF+ rC-
                  | rN+}
 15419 | D:13     | Identified the ring "Oproom" {*Corrode Will+ Str+9 Dex+6}
 15432 | D:13     | Reached skill level 17 in Fighting
 15435 | D:13     | 15435 ||| FLEEEEING.
 15486 | D:13     | 15486 ||| INVOKING Heroism.
 15498 | D:13     | HP: 18/107 [death knight/+0 broad axe (14)]
 15499 | D:13     | 15499 ||| READING 8 scrolls of teleportation.
 15500 | D:13     | 15500 ||| DRINKING 4 potions of heal wounds.
 15508 | D:13     | Identified the +5 pair of boots of Huan {Harm Drain Str+2
                  | SInv} (Okawaru gifted it to you on level 13 of the Dungeon)
 15508 | D:13     | Received a gift from Okawaru
 15509 | D:13     | 15509 ||| DRINKING 5 potions of curing.
 15509 | D:13     | 15509 ||| (to cure confusion)
 15613 | D:13     | Noticed a tengu reaver
 15614 | D:13     | 15614 ||| INVOKING Heroism.
 15623 | D:13     | 15623 ||| Stepping ~*~*~tactically~*~*~ (outnumbered).
 15627 | D:13     | 15627 ||| Stepping ~*~*~tactically~*~*~ (outnumbered).
 15630 | D:13     | 15630 ||| Stepping ~*~*~tactically~*~*~ (outnumbered).
 15647 | D:13     | Killed a tengu reaver
 16007 | D:13     | 16007 ||| UPGRADING to ring "Oproom" {*Corrode Will+ Str+9
                  | Dex+6}.
 16009 | D:13     | 16009 ||| READING 9 scrolls of identify.
 16009 | D:13     | 16009 ||| IDENTIFYING golden potion
 16010 | D:13     | 16010 ||| DROPPING potion of berserk rage.
 16144 | D:14     | 16144 ||| INVOKING Heroism.
 16150 | D:14     | HP: 21/108 [meliai/divine providence (10)]
 16150 | D:14     | HP: 9/108 [meliai/divine providence (12)]
 16151 | D:14     | 16151 ||| READING 7 scrolls of teleportation.
 16151 | D:14     | Killed from afar by a meliai

Levels and vault maps discovered:
D:1:      minmay_arrival_shattered_statue, layout_loops_ring, serial_shops,
          nicolae_shop_hallway_stairs, nicolae_shop_advertising_works
          [nicolae_subvault_shop_adworks], shop, shop,
          amcnicky_mini_rare_corridor_liquid
D:2:      minmay_spotlight, layout_basic,
          shapermc_ecumenical_altar_mp_urbaneastern, uniq_jessica
D:3:      layout_basic, mainiacjoe_overflow_small_starburst, grunt_ministairs_9
D:4:      layout_rooms, vehumet_altar_wand_db, minmay_temple_entry_waves,
          enter_ossuary_2, serial_shops, shop, nicolae_shop_fire_sale
          [nicolae_sub_dead_trees], minmay_liquid_box, uniq_natasha, uniq_ijyb,
          uniq_grinder
D:5:      layout_cave_pools, fedhas_altar_4, minitemple, serial_gnoll_camp,
          gnoll_camp_medium_01, gnoll_camp_mini_sergeant, gnoll_camp_mini_hut,
          gnoll_camp_medium_02, gnoll_camp_mini_basic, uniq_menkaure
D:6:      layout_rooms, lemuel_coloured_pillars_altar, lightli_minifort,
          uniq_crazy_yiuf_cottage, uniq_sigmund
D:7:      layout_basic, mainiacjoe_overflow_catwalk
D:8:      layout_loops_corners, serial_glass, glass_columns_a, glass_columns_a,
          minmay_misc_feat_room, serial_bayou_crossing
D:9:      layout_loops_corners, mainiacjoe_overflow_alcove_4,
          david_lair_generic, orc_0_dummy, enter_bailey_5,
          doesnt_shop_hydraphobe
D:10:     layout_grid_maze, uniq_joseph
D:11:     layout_gridville, maelrawn_ghost_gauntlet_escape,
          portal_ice_cave_demonic_guard, okawaru_gym_becter, uniq_snorg
D:12:     layout_loops_ring, serial_shops, nicolae_shop_pleasant_corner_grove
D:13:     minmay_the_grid_square_5x5_5x5_mashed
          [minmay_the_grid_square_5x5_beaten_path,
          minmay_the_grid_square_5x5_two_walls_b,
          minmay_the_grid_square_5x5_moneybag, minmay_the_grid_square_5x5_n,
          minmay_the_grid_square_5x5_detours,
          minmay_the_grid_square_5x5_dogpile,
          minmay_the_grid_square_5x5_prize_snowflake,
          minmay_the_grid_square_5x5_minimal,
          minmay_the_grid_square_5x5_prize_pseudospiral,
          minmay_the_grid_square_5x5_pentomino_r, minmay_the_grid_square_5x5_z,
          minmay_the_grid_square_5x5_three_walls,
          minmay_the_grid_square_5x5_prize_gold,
          minmay_the_grid_square_5x5_doubleslash,
          minmay_the_grid_square_5x5_checkered_sparse,
          minmay_the_grid_square_5x5_checkered_statues,
          minmay_the_grid_square_5x5_prize_monsterx,
          minmay_the_grid_square_5x5_intrusive_squares,
          minmay_the_grid_square_5x5_prize_rear_guard,
          minmay_the_grid_square_5x5_comb, minmay_the_grid_square_5x5_bite,
          minmay_the_grid_square_5x5_trominoes,
          minmay_the_grid_square_5x5_hourglass,
          minmay_the_grid_square_5x5_bridge, minmay_the_grid_square_5x5_corner],
          layout_basic, david_vaults_3, slow_altar_1, uniq_kirke, uniq_frances
D:14:     layout_long_grid, palyth_stone_intersect
Temple:   pf_slime_end_temple
Lair:1:   layout_long_grid, grunt_megastairs_1
Lair:2:   layout_chaotic_city, basic_altar, uniq_maggie
Lair:3:   layout_misc_corridors, minmay_shoals_entry_beasts,
          nicolae_spider_entry_orb_guardian, grunt_forest_small_clearings
Lair:4:   layout_loops_ring, slime_entry_1, kennysheep_snail_temple
Lair:5:   hellmonk_lair_end_abyssal_woods, layout_gridlike, minmay_hedge_maze

Skill      XL: |  1  2  3  4  5  6  7  8  9 10 11 12 13 14 15 |
---------------+----------------------------------------------+-----
Ranged Weapons | 5 6 7 8 10 11 13 14 | 14.0
Fighting       | 3 4 5 6 7 8 9 10 13 16 17 | 17.6
Armour         | 1 2 3 4 5 6 8 9 10 | 10.0
Dodging        | 2 3 4 7 9 10 11 | 11.1
Invocations    | 4 8 10 | 10.0
Stealth        | |  1.1

Action                     |  1- 3 |  4- 6 |  7- 9 | 10-12 | 13-15 || total
---------------------------+-------+-------+-------+-------+-------++-------
   Fire: Shortbow          |   145 |     5 |       |       |       ||   150
         Greatsling        |       |   109 |   276 |   543 |   963 ||  1891
 Invoke: Heroism           |       |       |     5 |    19 |    18 ||    42
         Finesse           |       |       |       |       |     6 ||     6
    Use: Scroll            |     5 |     6 |     9 |     5 |     8 ||    33
         Potion            |       |       |     2 |     2 |     6 ||    10
 Armour: Leather armour    |    31 |    18 |       |       |       ||    49
         Ring mail         |       |       |    51 |    85 |       ||   136
         Steam dragon scal |       |       |       |    42 |    92 ||   134
         Troll leather arm |       |       |       |       |   228 ||   228
  Dodge: Dodged            |    56 |    24 |    79 |   193 |   662 ||  1014
  Block: Other             |       |       |       |     9 |   151 ||   160
         Reflection        |       |       |       |       |    11 ||    11

Table legend:
 A = Non-vault XP
 B = Vault XP
 C = Vault XP percentage of total XP
 D = Non-vault monster count
 E = Vault monster count
 F = Vault count percentage of total count
                 A         B        C        D         E       F
            +---------+---------+-------+---------+---------+-------
      Total |   58015 |   57382 |  49.7 |     380 |     213 |  35.9
            +---------+---------+-------+---------+---------+-------
        D:1 |      56 |       0 |   0.0 |      32 |       0 |   0.0
        D:2 |      42 |      59 |  58.4 |      17 |       8 |  32.0
        D:3 |      46 |       1 |   2.1 |      16 |       1 |   5.9
        D:4 |     292 |     392 |  57.3 |      22 |       7 |  24.1
        D:5 |     479 |     998 |  67.6 |      13 |      31 |  70.5
        D:6 |     731 |     457 |  38.5 |      20 |       6 |  23.1
        D:7 |     882 |       0 |   0.0 |      12 |       0 |   0.0
        D:8 |    1795 |       0 |   0.0 |      32 |       0 |   0.0
        D:9 |    2454 |     931 |  27.5 |      25 |       8 |  24.2
       D:10 |     666 |     455 |  40.6 |       8 |       1 |  11.1
       D:11 |    3997 |    1593 |  28.5 |      21 |       3 |  12.5
       D:12 |    6509 |       0 |   0.0 |      23 |       0 |   0.0
       D:13 |    6632 |   37724 |  85.0 |      28 |      77 |  73.3
       D:14 |     830 |       0 |   0.0 |       1 |       0 |   0.0
     Lair:1 |    2557 |    1379 |  35.0 |      13 |       4 |  23.5
     Lair:2 |    5430 |     398 |   6.8 |      21 |       1 |   4.5
     Lair:3 |    6693 |    1485 |  18.2 |      25 |       3 |  10.7
     Lair:4 |    6350 |    1248 |  16.4 |      22 |       3 |  12.0
     Lair:5 |   11574 |   10242 |  46.9 |      29 |      40 |  58.0
    Ossuary |       0 |      20 | 100.0 |       0 |      20 | 100.0
            +---------+---------+-------+---------+---------+-------
